 Dungeon Crawl Stone Soup version 0.19-a0-1908-g43c011f (webtiles) character file.

980 Leibowitz the Chopper (level 7, -16/87 HPs)
             Began as a Demigod Gladiator on Oct 22, 2016.
             Demolished by a freezing wraith (18 damage)
             ... led by a death knight
             ... on level 6 of the Dungeon.
             The game lasted 00:17:02 (6026 turns).

Leibowitz the Chopper (Demigod Gladiator)           Turns: 6026, Time: 00:17:03

Health: -16/87     AC: 23    Str: 19 (20) XL:     7   Next: 64%
Magic:  9/9        EV:  2    Int:  9 (12) God:
Gold:   259        SH:  0    Dex: 16 (18) Spells: 0 memorised, 6 levels left

rFire  . . .     SeeInvis .     a - +0 war axe
rCold  . . .     Gourm    .     (armour currently unavailable)
rNeg   + + +     Faith    .     (no shield)
rPois  +         Spirit   .     (helmet currently unavailable)
rElec  .         Reflect  .     (cloak currently unavailable)
rCorr  .         Harm     .     (gloves currently unavailable)
MR     .....     NoTele   +     (boots currently unavailable)
Stlth  ++........               (no amulet)
                                (no ring)
                                (no ring)

@: tree-form, slowed, very slow
A: high mp 1
a: no special abilities


You were on level 6 of the Dungeon.
You were hungry.
You were a tree.
You visited 1 branch of the dungeon, and saw 6 of its levels.

You collected 347 gold pieces.
You spent 88 gold pieces at shops.

Inventory:

Hand Weapons
 a - a +0 war axe (weapon)
 b - a +0 blowgun
Missiles
 d - 2 throwing nets (quivered)
 u - 25 poisoned needles
 y - 7 javelins
Armour
 c - a +0 helmet (melded)
 e - a +0 pair of gloves (melded)
 n - a +0 chain mail (melded)
 J - a +0 cloak (melded)
 L - a +1 pair of boots (melded)
Jewellery
 q - an uncursed ring of fire
Wands
 z - a wand of paralysis (6/24)
Scrolls
 g - a scroll of enchant weapon {unknown}
 h - 7 scrolls of identify {unknown}
 j - 3 scrolls of teleportation
 k - 2 scrolls of recharging {unknown}
 l - a scroll of enchant armour {unknown}
 o - a scroll of remove curse {unknown}
 r - a scroll of blinking {unknown}
 D - a scroll of fear {unknown}
 H - a scroll of magic mapping {unknown}
 K - a scroll of random uselessness {unknown}
Potions
 i - 3 potions of degeneration
 m - a potion of lignification
 t - 2 potions of haste {unknown}
 v - a potion of might {unknown}
 w - a potion of ambrosia {unknown}
 B - a potion of flight
 E - 5 potions of curing
 I - a potion of agility {unknown}
Books
 C - a book of Changes

   Spells                             Type                      Level
   a - Beastly Appendage              Transmutation                1
   b - Sticks to Snakes               Transmutation                2
   c - Spider Form                    Transmutation/Poison         3
   d - Ice Form                       Ice/Transmutation            4
   e - Blade Hands                    Transmutation                5
 G - a book of Maledictions

   Spells                             Type                      Level
   a - Corona                         Hexes                        1
   b - Ensorcelled Hibernation        Hexes/Ice                    2
   c - Confuse                        Hexes                        3
   d - Tukima's Dance                 Hexes                        3
   e - Dazzling Spray                 Conjuration/Hexes            3
Comestibles
 f - 3 bread rations
 p - a beef jerky
 s - 2 meat rations
 x - a royal jelly
 F - 2 fruits


   Skills:
 + Level 3.6 Fighting
 + Level 6.8 Axes
 + Level 2.0 Throwing
 + Level 3.3 Armour
 + Level 3.3 Dodging
 + Level 1.3 Stealth


You had 6 spell levels left.
You didn't know any spells.

Dungeon Overview and Level Annotations

Branches:
Dungeon (6/15)
 Temple: D:4-7

Shops:
D:4 !   D:5 (

Annotations:
D:6 Edmund


Innate Abilities, Weirdness & Mutations

You have an increased reservoir of magic. (+10% MP)


Message History

You feel very buoyant.
You fly up into the air.
Edmund hits you but does no damage.
The death knight hits you from afar with an enchanted halberd.
* * * LOW HITPOINT WARNING * * *
The freezing wraith misses you.
The freezing wraith hits you but does no damage.
Edmund hits you with a flail of protection.
* * * LOW HITPOINT WARNING * * *
It was a potion of lignification.
You turn into a tree.
Your +0 cloak melds into your body.
Your +0 helmet melds into your body.
Your +0 pair of gloves melds into your body.
Your +1 pair of boots melds into your body.
Your +0 chain mail melds into your body.
Your roots penetrate the ground.
The death knight hits you from afar with an enchanted halberd.
* * * LOW HITPOINT WARNING * * *
The freezing wraith hits you.
* * * LOW HITPOINT WARNING * * *
The freezing wraith freezes you!!
You die...

.$... #<# .....#
..... #†# .....#
.....##.##.....#
...............#
...........#.###
...........+
........Wp.#
.......W...#
####...♣...#
#...@...#
#.......#
#.......#
##...#### #...#
#...# #...# #..


You could see a death knight, 2 freezing wraiths and Edmund.

Vanquished Creatures
  A necrophage (D:6)
  2 centaurs
  A scorpion (D:5)
  A crimson imp (D:5)
  3 hounds (D:4)
  2 orc wizards (D:4)
  5 orc priests
  4 worker ants
  A worker ant zombie (D:5)
  A howler monkey zombie (D:5)
  5 adders
  3 gnolls (D:3)
  A shadow imp (D:5)
  3 oozes
  4 worms
  4 dart slugs
  4 leopard geckos
  20 orcs
  A ball python (D:5)
  8 giant cockroaches
  9 goblins
  11 hobgoblins
  7 jackals
  7 kobolds
  2 quokkas
  10 bats
  6 frilled lizards
  A leopard gecko skeleton (D:5)
  A quokka zombie (D:5)
  5 rats
133 creatures vanquished.

Notes
Turn   | Place    | Note
-------+----------+-------------------------------------------
     0 | D:1      | Leibowitz the Demigod Gladiator began the quest for the Orb.
     0 | D:1      | Reached XP level 1. HP: 17/17 MP: 3/3
   129 | D:1      | Reached XP level 2. HP: 22/24 MP: 4/4
   146 | D:1      | Reached skill level 3 in Axes
   696 | D:2      | Reached XP level 3. HP: 18/29 MP: 5/5
  1126 | D:2      | Reached skill level 1 in Armour
  1584 | D:2      | Found a glowing golden altar of the Shining One.
  1742 | D:2      | Reached XP level 4. HP: 34/36 MP: 6/6
  2068 | D:3      | Found a blossoming altar of Fedhas.
  2144 | D:3      | Found a shattered altar of Ashenzari.
  2237 | D:3      | Reached skill level 4 in Axes
  2591 | D:3      | Reached XP level 5. HP: 40/42 MP: 7/7
  2676 | D:4      | Found a hide-covered altar of Uskayaw.
  2679 | D:4      | Found Xikong's Distillery.
  2686 | D:4      | Bought a potion of heal wounds for 55 gold pieces
  2686 | D:4      | Bought a potion of curing for 33 gold pieces
  2742 | D:4      | Found a radiant altar of Vehumet.
  2744 | D:4      | Found an iron altar of Okawaru.
  3074 | D:4      | Found a sacrificial altar of Ru.
  3146 | D:4      | Noticed a centaur
  3161 | D:4      | Killed a centaur
  3161 | D:4      | Reached skill level 5 in Axes
  3161 | D:4      | Reached XP level 6. HP: 43/50 MP: 8/8
  3835 | D:5      | Entered Level 5 of the Dungeon
  4097 | D:5      | Reached skill level 6 in Axes
  4097 | D:5      | Reached XP level 7. HP: 24/57 MP: 9/9
  5145 | D:5      | Reached skill level 1 in Stealth
  5436 | D:5      | Found Ageluda Vahi's Weapon Emporium.
  5713 | D:6      | Noticed a death knight
  5713 | D:6      | Noticed a freezing wraith
  5713 | D:6      | Noticed a phantasmal warrior
  5713 | D:6      | Noticed a freezing wraith
  6004 | D:6      | Noticed Edmund
  6026 | D:6      | HP: 2/87 [freezing wraith[a death knight] (4)]
  6026 | D:6      | Demolished by a freezing wraith

Vault maps used:
D:1:      matt_arrival_grand_opening, corexii_item_surrounded_by_moat
D:2:      nicolae_tso_carved_into_rock, serial_glass, glass_columns_a,
          glass_columns_a, glass_columns_b, glass_columns_c, glass_columns_b,
          glass_columns_a, minmay_pentomino_p2
D:3:      marbit_many_paths, overflow_temple_1_default, feat_on_display
D:4:      kennysheep_big_flooded_room, grunt_temple_overflow_open,
          nicolae_overflow_hidden_temple, first_bread, serial_shops, shop
D:5:      serial_shops, nicolae_shop_crystal
D:6:      minmay_misc_feat_room, kennysheep_generic_room_6, uniq_edmund

Skill      XL: |  1  2  3  4  5  6  7 |
---------------+----------------------+-----
Axes           | 3 4 5 6 |  6.8
Dodging        | 3 |  3.3
Throwing       | 2 |  2.0
Fighting       | 2 3 |  3.6
Armour         | 1 2 3 |  3.3
Stealth        | 1 |  1.3

Action                   |  1- 3 |  4- 6 |  7- 9 || total
-------------------------+-------+-------+-------++-------
Melee: War axe           |   162 |   210 |    83 ||   455
Throw: Throwing net      |       |       |     1 ||     1
  Use: Potion            |       |     1 |     4 ||     5
       Scroll            |       |       |     1 ||     1
 Stab: Held in net/web   |       |       |     2 ||     2
  Eat: Chunk             |     2 |     8 |     6 ||    16
Armor: Leather armour    |    25 |       |       ||    25
       Chain mail        |    70 |   135 |    46 ||   251
Dodge: Dodged            |   107 |   118 |    47 ||   272
